 Dungeon Crawl Stone Soup version 0.18-a0-1789-gbeff17f (webtiles) character file.

41897 SkaryMonk the Unseen (level 14, -28/76 HPs)
             Began as an Octopode Wizard on Apr 21, 2016.
             Was the Champion of Ru.
             Annihilated by a komodo dragon (29 damage)
             ... on level 8 of the Lair of Beasts.
             The game lasted 06:49:02 (25471 turns).

SkaryMonk the Unseen (Octopode Wizard)             Turns: 25471, Time: 06:49:03

Health: -28/76     AC:  1    Str:  6    XL:     14   Next: 17%
Magic:  21/21      EV: 12    Int: 24    God:    Ru [******]
Gold:   1064       SH:  0    Dex: 12    Spells: 7 memorised, 3 levels left

rFire  x . .     SeeInvis +     G - +2 dagger (elec)
rCold  x . .     Gourm    .     (no shield)
rNeg   . . .     Faith    .     a - +0 hat
rPois  .         Spirit   .     x - amulet "Leogodul" {RegenMP rElec MR+ Slay+2}
rElec  +         Dismiss  .     n - ring of see invisible
rCorr  .         Reflect  .     t - ring of sustain attributes
SustAt +         Harm     .     f - ring of sustain attributes
MR     ++...                    z - ring of protection from magic
Stlth  ++++++++..               (no ring)
                                (no ring)
                                (no ring)
                                (no ring)

@: exhausted, no potions, slowed, drained, very slow, very resistant to hostile
enchantments, extraordinarily stealthy
A: almost no armour, amphibious, 8 rings, constrict 8, camouflage 1, gelatinous
body 1, inability to drink while threatened, magic vulnerability 1,
inexperienced 1, temperature sensitive
a: Draw Out Power, Power Leap, Apocalypse, Renounce Religion


You were on level 8 of the Lair of Beasts.
You worshipped Ru.
Ru was exalted by your worship.
You were hungry.

You visited 2 branches of the dungeon, and saw 17 of its levels.
You also visited: Sewer.

You collected 1064 gold pieces.

Notes
Turn   | Place    | Note
--------------------------------------------------------------
     0 | D:1      | SkaryMonk the Octopode Wizard began the quest for the Orb.
     0 | D:1      | Reached XP level 1. HP: 11/11 MP: 4/4
   238 | D:1      | Reached XP level 2. HP: 12/17 MP: 0/6
   565 | D:1      | Learned a level 2 spell: Blink
   731 | D:1      | Reached XP level 3. HP: 10/21 MP: 3/7
  1627 | D:2      | Learned a level 3 spell: Mephitic Cloud
  1630 | D:2      | Learned a level 2 spell: Call Imp
  1671 | D:2      | Reached XP level 4. HP: 27/27 MP: 0/8
  1827 | D:2      | Found an ancient bone altar of Kikubaaqudgha.
  1829 | D:2      | Found an iron altar of Okawaru.
  2539 | D:3      | Reached XP level 5. HP: 13/31 MP: 2/9
  2814 | D:3      | Reached skill level 1 in Air Magic
  2885 | D:3      | Found a sacrificial altar of Ru.
  2912 | D:3      | Reached skill level 1 in Poison Magic
  2977 | D:3      | Became a worshipper of Ru the Awakened
  3464 | D:4      | Noticed an ogre
  3474 | D:4      | Reached XP level 6. HP: 34/36 MP: 1/10
  3905 | D:4      | Got a fine ivory amulet
  4245 | D:4      | Reached XP level 7. HP: 13/41 MP: 2/11
  4746 | D:5      | Entered Level 5 of the Dungeon
  4751 | D:5      | Noticed ilikecats's ghost (novice VSMo)
  4800 | D:5      | Found a glowing drain.
  4807 | Sewer    | Entered a sewer
  4872 | Sewer    | Noticed Purgy
  4922 | Sewer    | Killed Purgy
  5136 | Sewer    | Identified the amulet "Leogodul" {RegenMP rElec MR+ Slay+2} (You took it off an orc on level 4 of the Dungeon)
  5280 | D:5      | Reached skill level 1 in Short Blades
  5295 | D:5      | Found a glowing golden altar of the Shining One.
  5370 | D:5      | Gained mutation: You cannot drink potions while threatened. [Ru sacrifice]
  5370 | D:5      | Reached * piety under Ru
  5583 | D:5      | Reached XP level 8. HP: 45/46 MP: 12/12
  5953 | D:5      | Found a blossoming altar of Fedhas.
  6150 | D:5      | Reached skill level 5 in Short Blades
  6299 | D:6      | Reached skill level 3 in Stealth
  6561 | D:6      | Reached skill level 4 in Stealth
  6963 | D:6      | Reached skill level 5 in Stealth
  7201 | D:6      | Reached skill level 6 in Stealth
  7462 | D:6      | Found a burning altar of Makhleb.
  7632 | D:6      | Reached skill level 7 in Stealth
  8035 | D:6      | Reached skill level 8 in Stealth
  8090 | D:6      | Reached XP level 9. HP: 37/51 MP: 6/13
  8121 | D:6      | Reached skill level 9 in Stealth
  8390 | D:7      | Noticed Joseph
  8604 | D:7      | Noticed Duvessa
  8604 | D:7      | Noticed Dowan
  8774 | D:7      | Gained mutation: You are sensitive to extremes of temperature (rF-, rC-). [Ru sacrifice]
  8774 | D:7      | Reached ** piety under Ru
  8774 | D:7      | Reached *** piety under Ru
  8774 | D:7      | Reached **** piety under Ru
  9157 | D:7      | Found a bloodstained altar of Trog.
  9191 | D:7      | Reached skill level 10 in Stealth
  9373 | D:7      | Found a snail-covered altar of Cheibriados.
  9396 | D:7      | Killed Duvessa
  9402 | D:7      | Killed Joseph
  9402 | D:7      | Reached skill level 11 in Stealth
  9406 | D:7      | Killed Dowan
  9583 | D:7      | Reached XP level 10. HP: 54/56 MP: 14/14
  9656 | D:7      | Found a staircase to the Ecumenical Temple.
  9931 | D:8      | Noticed Erica
  9950 | D:8      | Killed Erica
  9950 | D:8      | Reached skill level 12 in Stealth
 10355 | D:8      | Reached skill level 5 in Poison Magic
 10424 | D:8      | Found an opulent altar of Gozag.
 11242 | D:9      | Reached skill level 10 in Short Blades
 11255 | D:9      | Learned a level 3 spell: Gell's Gravitas
 11284 | D:9      | Gained mutation: You are somewhat inexperienced (-2 XL). [Ru sacrifice]
 11284 | D:9      | Reached XP level 9. HP: 46/51 MP: 13/13
 11284 | D:9      | Reached XP level 8. HP: 46/46 MP: 12/12
 11284 | D:9      | Reached ***** piety under Ru
 11428 | D:9      | Reached XP level 9. HP: 32/51 MP: 13/13
 12154 | D:9      | Noticed Erolcha
 12435 | D:9      | Reached skill level 5 in Translocations
 12472 | D:9      | Found an oddly glowing altar of Pakellas.
 12472 | D:9      | Found Pakellas's Prime Provisions.
 12517 | D:9      | Found a staircase to the Lair.
 12520 | D:9      | Reached XP level 10. HP: 56/56 MP: 14/14
 12535 | D:9      | HP: 1/56 [yak (14)]
 13258 | D:9      | Killed Erolcha
 13339 | Lair:1   | Entered Level 1 of the Lair of Beasts
 13475 | Lair:1   | Learned a level 4 spell: Force Lance
 13524 | Lair:1   | Noticed Mefis's ghost (novice HuWz)
 13605 | Lair:1   | Reached XP level 11. HP: 55/61 MP: 10/15
 13861 | Lair:1   | Killed Mefis's ghost
 13919 | Lair:1   | HP: 3/61 [yak (16)]
 14395 | Lair:1   | Reached skill level 10 in Translocations
 14415 | Lair:1   | Gained mutation: You are slightly vulnerable to magic. [Ru sacrifice]
 14415 | Lair:1   | Reached ****** piety under Ru
 14483 | Lair:1   | Got a transparent morningstar
 14561 | Lair:1   | Found a white marble altar of Elyvilon.
 14964 | Lair:2   | Noticed a five-headed hydra
 16249 | Lair:3   | Found a staircase to the Snake Pit.
 16618 | Lair:3   | Reached XP level 12. HP: 54/66 MP: 16/16
 17013 | Lair:3   | Reached skill level 5 in Summonings
 17084 | Lair:3   | Identified the +6 morningstar of Otuewirgh {drain, +Rage rF+ rC- rN+} (You found it on level 1 of the Lair of Beasts)
 17904 | Lair:3   | Found a staircase to the Swamp.
 17931 | Lair:3   | Reached skill level 5 in Spellcasting
 17955 | Lair:3   | Learned a level 5 spell: Summon Forest
 18434 | Lair:4   | Reached skill level 5 in Air Magic
 18858 | Lair:4   | Noticed a four-headed hydra
 18877 | Lair:4   | Killed a four-headed hydra
 18993 | Lair:4   | Noticed a four-headed hydra
 19131 | Lair:4   | Killed a four-headed hydra
 19516 | Lair:4   | Reached skill level 5 in Conjurations
 19883 | Lair:5   | Reached skill level 13 in Stealth
 19886 | Lair:5   | Reached XP level 13. HP: 71/71 MP: 6/20
 21098 | Lair:6   | Reached skill level 14 in Stealth
 21809 | Lair:6   | Reached skill level 15 in Stealth
 22744 | Lair:6   | Reached skill level 16 in Stealth
 23736 | Lair:6   | Reached skill level 17 in Stealth
 24608 | Lair:7   | Reached XP level 14. HP: 56/76 MP: 11/21
 24895 | Lair:7   | Reached skill level 10 in Poison Magic
 25402 | Lair:8   | Entered Level 8 of the Lair of Beasts
 25458 | Lair:8   | Noticed Nessos
 25467 | Lair:8   | Killed Nessos
 25470 | Lair:8   | HP: 1/76 [death yak[a torpor snail] (23)]
 25471 | Lair:8   | Annihilated by a komodo dragon

Inventory:

Hand Weapons
 j - a +3 dagger of freezing
 D - a +2 rapier of flaming
 G - a +2 dagger of electrocution (weapon)
Armour
 a - a +0 hat (worn)
Jewellery
 f - a ring of sustain attributes (on tentacle)
 n - a ring of see invisible (left tentacle)
 t - a ring of sustain attributes (right tentacle)
 u - a cursed amulet of inaccuracy {unknown}
 x - the amulet "Leogodul" (around mantle) {RegenMP rElec MR+ Slay+2}
   (You took it off an orc on level 4 of the Dungeon)

   [amulet of magic regeneration]

   It increases your magic regeneration.
   It affects your accuracy and damage with ranged weapons and melee attacks
   (+2).
   It insulates you from electricity.
   It affects your resistance to hostile enchantments.
 z - a ring of protection from magic (on tentacle)
 N - an uncursed ring of ice {unknown}
 O - an uncursed amulet of rage {unknown}
Wands
 d - a wand of iceblast (8/15)
 y - a wand of iceblast (3/15)
 C - a wand of hasting (3/9)
 E - a wand of flame (39/48)
 F - a wand of slowing (18/48)
 H - a wand of lightning (8/15)
 S - a wand of lightning (6/15)
 X - a wand of polymorph (13/24)
 Y - a wand of paralysis (2/24)
 Z - a wand of lightning (9/15)
Scrolls
 e - 4 scrolls of remove curse
 g - 3 scrolls of enchant armour
 i - 6 scrolls of magic mapping
 k - a scroll of identify
 o - a scroll of holy word {unknown}
 q - 6 scrolls of enchant weapon
 r - 4 scrolls of fog
 s - 11 scrolls of teleportation
 A - 3 scrolls of fear
 B - 4 scrolls of recharging
 K - a scroll of random uselessness {unknown}
 M - 2 scrolls of vulnerability {unknown}
 P - 2 scrolls of blinking
Potions
 h - 6 potions of flight
 m - 8 potions of curing
 p - 3 potions of magic
 v - 6 potions of resistance
 w - 2 potions of haste
 J - 2 potions of brilliance
 L - 3 potions of cancellation
 T - a potion of might {unknown}
 U - a potion of heal wounds {unknown}
 W - 2 potions of berserk rage {unknown}
Books
 b - a book of Minor Magic

   Spells                             Type                      Level
   a - Magic Dart                     Conjuration                  1
   b - Blink                          Translocation                2
   c - Call Imp                       Summoning                    2
   d - Repel Missiles                 Charms/Air                   2
   e - Slow                           Hexes                        2
   f - Conjure Flame                  Conjuration/Fire             3
   g - Mephitic Cloud                 Conjuration/Poison/Air       3
 R - a book of the Warp

   Spells                             Type                      Level
   a - Recall                         Summoning/Translocation      3
   b - Gell's Gravitas                Hexes/Translocation          3
   c - Force Lance                    Conjuration/Translocation    4
   d - Warp Weapon                    Charms/Translocation         5
   e - Summon Forest                  Summoning/Translocation      5
Comestibles
 c - 14 bread rations
 l - 12 beef jerkies
 I - 14 royal jellies
 Q - a slice of pizza
 V - 5 fruits

Table legend:
 A = Turns spent in this place as a percentage of turns spent in the entire game.
 B = Non-inter-level travel turns spent in this place as a percentage of non-inter-level travel turns spent in the entire game.
 C = Inter-level travel turns spent in this place as a percentage of turns spent in this place.
 D = Turns resting spent in this place as a percentage of non-inter-level travel turns spent in this place.
 E = Turns spent auto-exploring this place as a percentage of non-inter-level travel turns spent in this place.
 F = Non-inter-level travel turns spent in this place divided by the number of levels of this place that you've seen.
                   A       B       C       D       E      F
               +-------+-------+-------+-------+-------+----------------------
         Total | 100.0 | 100.0 |   0.7 |   5.4 |   7.1 | 385.5
       Dungeon |  51.4 |  51.4 |   0.8 |   5.5 |   7.9 | 396.0
          Lair |  46.9 |  47.0 |   0.6 |   5.4 |   6.2 | 407.5
         Sewer |   1.6 |   1.7 |   0.0 |   3.5 |   7.8 | 115.0
               +-------+-------+-------+-------+-------+----------------------


   Skills:
 - Level 11.0(10.6) Short Blades
 - Level 2.0(1.6) Dodging
 - Level 17.1(16.6) Stealth
 - Level 5.1(4.7) Spellcasting
 - Level 5.0(4.7) Conjurations
 - Level 5.1(4.7) Summonings
 - Level 11.8(11.4) Translocations
 - Level 6.0(5.6) Air Magic
 + Level 10.7(10.3) Poison Magic


You had 3 spell levels left.
You knew the following spells:

 Your Spells              Type           Power        Failure   Level  Hunger
a - Magic Dart            Conj           ####         1%          1    None
b - Blink                 Tloc           N/A          1%          2    None
c - Mephitic Cloud        Conj/Pois/Air  #####...     1%          3    ##.....
d - Call Imp              Summ           ####....     1%          2    None
e - Gell's Gravitas       Hex/Tloc       ####......   2%          3    ##.....
f - Force Lance           Conj/Tloc      #####...     3%          4    ####...
g - Summon Forest         Summ/Tloc      #####.....   12%         5    #####..


Dungeon Overview and Level Annotations

Branches:
Dungeon (9/15)             Temple (0/1) D:7            Lair (8/8) D:9
  Swamp (0/4) Lair:3        Snake (0/4) Lair:3
  Slime: Lair:6-8       Orc: D:9-12

Altars:
Cheibriados
Elyvilon
Fedhas
Gozag
Kikubaaqudgha
Makhleb
Okawaru
Pakellas
Ru
Trog
The Shining One

Shops:
D:9 }

Annotations:
D:5 1 exclusion, ilikecats's ghost, novice VSMo
Lair:1 exclusion: door
Lair:6 exclusions: door and oklob plant


Innate Abilities, Weirdness & Mutations

You cannot wear most types of armour.
You are amphibious.
You can wear up to eight rings at the same time.
You can use your tentacles to constrict eight enemies at once.
Your skin changes colour to match your surroundings (Stealth).
Your rubbery body absorbs attacks (AC +1).
You cannot drink potions while threatened.
You are slightly vulnerable to magic.
You are somewhat inexperienced (-2 XL).
You are sensitive to extremes of temperature (rF-, rC-).


Message History

Read which item? (? for menu, Esc to quit)
As you read the scroll of fog, it crumbles to dust.
The scroll dissolves into smoke.
The death yak gores you! The torpor snail bites you!!
You focus your will and paralyse the torpor snail in retribution!
A death yak comes into view.
The wyvern bites the plant.
The komodo dragon hisses menacingly.
The death yak gores you!!
* * * LOW HITPOINT WARNING * * *
You focus your will and paralyse the death yak in retribution!
You are restored by drawing out deep reserves of power within.
You feel drained.
The wyvern hisses menacingly.
The wyvern bites the plant!
The komodo dragon bites you!!
* * * LOW HITPOINT WARNING * * *
The wyvern bites the plant.
Being near the torpor snail leaves you feeling lethargic.
The komodo dragon bites you!!
You die...

................
.................
.................
Y.................
.Y.Y..............
......)............
...YY..§§§.........
..#PP..wl§.........
#.P.PlY@...........
#..Fl##............
#.....##P...........
#..a.##.P............
#..F.##...P...........#.
#...##....P..........PP.#
...##.....#..........PPP#
).##S...###..†....#..PPP#
...###.P......#.....##


You could see 4 death yaks, a torpor snail (paralysed), a komodo dragon, a spiny
frog and 2 wyverns.

Table legend:
 A = Kills in this place as a percentage of kills in entire the game.
 B = Kills by you in this place as a percentage of kills by you in the entire game.
 C = Kills by friends in this place as a percentage of kills by friends in the entire game.
 D = Other kills in this place as a percentage of other kills in the entire game.
 E = Experience gained in this place as a percentage of experience gained in the entire game.
 F = Experience gained in this place divided by the number of levels of this place that you have seen.
                   A       B       C       D       E      F
               +-------+-------+-------+-------+-------+----------------------
         Total | 100.0 | 100.0 | 100.0 | 100.0 | 100.0 | 3656.3
       Dungeon |  48.0 |  47.5 |  61.5 |  53.8 |  21.0 | 1537.2
          Lair |  50.9 |  51.2 |  38.5 |  46.2 |  78.8 | 6479.2
         Sewer |   1.2 |   1.2 |   0.0 |   0.0 |   0.2 | 145.0
               +-------+-------+-------+-------+-------+----------------------

Vanquished Creatures
  Nessos (Lair:8)
  Erolcha (D:9)
  5 hydras
  A catoblepas (Lair:6)
  Erica (D:8)
  4 death yaks (Lair:6)
  The ghost of Mefis the Magician, a novice HuWz of Vehumet (Lair:1)
  A necromancer (Lair:6)
  A griffon (Lair:6)
  15 elephants
  5 black mambas
  Joseph (D:7)
  14 spiny frogs
  4 rime drakes
  A torpor snail (Lair:5)
  4 komodo dragons
  7 blink frogs
  A shadow (D:9)
  A wyvern (Lair:6)
  6 basilisks
  44 yaks
  7 hippogriffs
  4 swamp worms (Lair:3)
  A naga (Lair:3)
  14 water moccasins
  15 porcupines
  Duvessa (D:7)
  Purgy (Sewer)
  5 orc warriors
  2 sky beasts
  An ice beast (D:9)
  A wasp (D:9)
  10 ogres
  3 phantoms (D:5)
  9 wolves
  17 crocodiles
  A centaur (D:9)
  A big kobold (D:9)
  16 giant frogs
  Dowan (D:7)
  A jelly (D:6)
  A scorpion (D:3)
  32 killer bees
  An electric eel (Lair:3)
  4 wights (D:7)
  6 crimson imps
  8 hounds
  A quasit (D:9)
  A centaur skeleton (D:9)
  2 giant frog skeletons
  7 orc priests
  10 iguanas
  10 orc wizards
  10 worker ants
  37 sheep
  2 wolf simulacra (Lair:6)
  3 hound skeletons
  A worker ant zombie (D:8)
  3 gnolls (D:5)
  17 adders
  44 river rats
  2 shadow imps
  3 oozes
  An adder zombie (D:8)
  2 worms
  9 dart slugs
  5 giant geckos
  42 orcs
  A ball python (Sewer)
  10 giant cockroaches
  9 hobgoblins
  6 jackals
  3 quokkas
  8 bats
  7 giant newts
  8 goblins
  11 kobolds
  2 quokka skeletons
  11 rats
  6 fungi
  3 plants
579 creatures vanquished.

Vanquished Creatures (collateral kills)
  A queen bee (Lair:1)
  A blink frog (Lair:7)
  3 killer bees (Lair:1)
  A howler monkey (D:4)
  A howler monkey skeleton (D:4)
  A dart slug (D:3)
  3 orcs (D:4)
  2 jackals (D:4)
  A fungus (Lair:7)
14 creatures vanquished.

Vanquished Creatures (others)
  A hippogriff (Lair:4)
  A water moccasin zombie (D:8)
  A worker ant (D:9)
  A bush (D:9)
  10 fungi
  10 plants
  13 snaplasher vine segments (Lair:4)
37 creatures vanquished.

Grand Total: 630 creatures vanquished

Action                   |  1- 3 |  4- 6 |  7- 9 | 10-12 | 13-15 || total
-------------------------+-------+-------+-------+-------+-------++-------
Melee: Unarmed           |    18 |       |       |       |       ||    18
       Tentacles         |     7 |    15 |    38 |    73 |    39 ||   172
       Constrict         |    11 |    24 |    55 |    75 |    40 ||   205
       Dagger            |    22 |    93 |   327 |   584 |   309 ||  1335
       Rapier            |       |       |    20 |    13 |       ||    33
 Cast: Magic Dart        |    58 |    93 |   132 |    27 |    11 ||   321
       Call Imp          |       |     7 |     9 |     2 |       ||    18
       Blink             |       |     5 |     9 |     8 |     9 ||    31
       Mephitic Cloud    |       |     3 |    46 |    84 |    52 ||   185
       Gell's Gravitas   |       |       |       |     4 |       ||     4
       Force Lance       |       |       |       |    13 |    14 ||    27
       Summon Forest     |       |       |       |     2 |     1 ||     3
Invok: Sacrifice Drink   |       |       |     1 |       |       ||     1
       Power Leap        |       |       |     3 |    13 |     7 ||    23
       Sacrifice Experie |       |       |     1 |       |       ||     1
       Draw Out Power    |       |       |     1 |     4 |     1 ||     6
       Apocalypse        |       |       |     1 |     3 |     1 ||     5
       Sacrifice Resista |       |       |     1 |       |       ||     1
       Sacrifice Essence |       |       |       |     1 |       ||     1
Evoke: Wand              |       |       |     2 |     8 |       ||    10
  Use: Scroll            |     3 |     4 |     4 |    14 |     5 ||    30
       Potion            |       |       |       |     4 |       ||     4
 Stab: Sleeping          |     1 |     1 |     8 |    32 |    11 ||    53
       Confused          |       |     1 |    23 |    43 |    29 ||    96
       Invisible         |       |       |     3 |     9 |     4 ||    16
       Paralysed         |       |       |     1 |    13 |     6 ||    20
       Distracted        |       |       |     1 |     4 |     6 ||    11
  Eat: Chunk             |     2 |     9 |     6 |    30 |    14 ||    61
       Meat ration       |       |       |     4 |     2 |     1 ||     7
Armor: Skin              |     2 |    11 |    10 |     6 |     1 ||    30
Dodge: Dodged            |    27 |    61 |   133 |   111 |    61 ||   393

Vault maps used:
D:1:      dpeg_arrival_circle_labyrinth_a, minmay_misc_feat_tower, st_stairs_9
D:2:      nicolae_overflow_hidden_temple, grunt_ministairs_9
D:3:      kennysheep_slugbush, lemuel_crystal_altar, first_bread
D:4:      kennysheep_ying_yang
D:5:      nicolae_ashenzari_panopticon, marbit_many_paths, tso_oasis_becter,
          lightli_sewer_entry_pipes
D:6:      kennysheep_little_box
D:7:      old_standard_altar, minmay_temple_entry_glassed_door, basic_altar,
          grunt_ogre_cave, uniq_joseph, uniq_duvessa
D:8:      grunt_gozag_statues, uniq_erica
D:9:      johnstein_pakellas_shop, minmay_lair_entry_grove, uniq_erolcha
Lair:1:   basic_altar
Lair:2:   lemuel_fruit_tree
Lair:3:   minmay_lair_venomous_thicket, nicolae_swamp_entry_splash_gauntlet,
          guppyfry_snake_entry_island
Lair:4:   infiniplex_staircase_pool
Lair:5:   grunt_megastairs_2
Lair:6:   minmay_lair_oklob_chamber, eino_house_with_fridge, grunt_megastairs_5
Lair:8:   hangedman_lair_tendril_chambers, slime_altar_2, uniq_nessos
Sewer:    sewer_co_purgy_island
